 Dungeon Crawl Stone Soup version 0.31-a0-840-g6d2ecbb638 (webtiles) character file.

Game seed: 16946699232443256135

4316 Essalna the Geomancer (level 10, 0/64 HPs)
             Began as a Gargoyle Earth Elementalist on Sept 27, 2023.
             Was a Priest of Vehumet.
             Blown up by Maurice (12 damage)
             ... with a mindburst bolt
             ... on level 8 of the Dungeon.
             The game lasted 00:17:22 (8737 turns).

Essalna the Geomancer (Gargoyle Earth Elementalist) Turns: 8737, Time: 00:17:22

Health: 0/64       AC: 16    Str: 12    XL:     10   Next: 33%
Magic:  13/14      EV:  6    Int: 20    God:    Vehumet [***...]
Gold:   393        SH:  0    Dex: 10    Spells: 9/15 levels left

rFire   + . .        k - staff of fire
rCold   + . .        (no shield)
rNeg    + . .        a - +0 robe
rPois   ∞            w - +1 helmet
rElec   +            v - +0 cloak
rCorr   .            (no gloves)
SInv    .            (no boots)
Will    .....        (no amulet)
Stlth   ++           x - +4 ring of protection
HPRegen 0.30/turn    C - ring of protection from cold
MPRegen 0.14/turn

%: no passive effects
@: held
A: sickness immunity, AC +7, negative energy resistance 1, electricity
resistance, torment resistance 1, petrification resistance
a: Renounce Religion


You were on level 8 of the Dungeon.
You worshipped Vehumet.
Vehumet was most pleased with you.
You visited 2 branches of the dungeon, and saw 9 of its levels.
You also visited: Sewer.

You collected 393 gold pieces.

Inventory:

Armour
 a - a +0 robe (worn)
 v - a +0 cloak (worn)
 w - a +1 helmet (worn)
Magical Staves
 k - a staff of fire (weapon)
Jewellery
 x - a +4 ring of protection (left hand)
 C - a ring of protection from cold (right hand)
Wands
 n - a wand of flame (61)
 y - a wand of digging (7)
 D - a wand of charming (8)
 G - a wand of iceblast (9)
Scrolls
 c - 8 scrolls of identify
 i - 5 scrolls of poison
 j - 3 scrolls of fear
 m - 4 scrolls of teleportation
 p - 2 scrolls of revelation
 u - a scroll of vulnerability
 A - a scroll of enchant armour
 B - a scroll of acquirement {unknown}
Potions
 b - a potion of magic
 d - 4 potions of degeneration {unknown}
 e - a potion of cancellation {unknown}
 f - 3 potions of curing
 h - 2 potions of heal wounds {unknown}
 l - a potion of berserk rage {unknown}
 o - 2 potions of mutation {unknown}
 q - 2 potions of ambrosia {unknown}
 s - 2 potions of might {unknown}
 z - a potion of haste {unknown}
 E - a potion of lignification {unknown}
 F - 2 potions of invisibility {unknown}


   Skills:
 + Level 8.0 Fighting
 + Level 4.3 Armour
 + Level 3.7 Dodging
 - Level 2.1 Stealth
 - Level 3.0 Spellcasting
 + Level 7.9 Conjurations
 - Level 2.0 Transmutations
 + Level 10.1 Earth Magic


You had 9 spell levels left.
You knew the following spells:

 Your Spells              Type           Power      Damage    Failure   Level
a - Sandblast             Erth           86%        2d18      1%          1
b - Stone Arrow           Conj/Erth      78%        3d11      1%          3
c - Passwall              Tmut/Erth      22%        N/A       1%          2

Your spell library contained the following spells:

 Spells                   Type           Power      Damage    Failure   Level
 Inner Flame              Hex/Fire       4%         N/A       11%         3
 Brom's Barrelling Bould  Conj/Erth      39%        2d6       1%          4
 Hailstorm                Conj/Ice       18%        3d6       2%          3
 Freeze                   Ice            12%        1d3       4%          1
 Frozen Ramparts          Ice            6%         1d1       11%         3
 Petrify                  Tmut/Erth      27%        N/A       12%         4
 Apportation              Tloc           6%         N/A       14%         1
 Necrotise                Necr           12%        1d4       14%         1
 Ensorcelled Hibernation  Hex/Ice        6%         N/A       22%         2
 Swiftness                Air            3%         N/A       38%         3
 Vampiric Draining        Necr           3%         2d6       38%         3
 Dispel Undead            Necr           3%         3d7       80%         4
 Agony                    Necr           3%         N/A       98%         5
 Death Channel            Necr           1%         N/A       100%        6
 Cigotuvi's Dreadful Rot  Necr/Pois/Air  Unusable   N/A       N/A         2

Dungeon Overview and Level Annotations

Branches:
Dungeon (8/15)             Temple (1/1) D:4           Sewer (visited)
   Lair: D:8-11

Altars:
Ashenzari
Cheibriados
Dithmenos
Elyvilon
Fedhas
Gozag
Hepliaklqana
Kikubaaqudgha
Makhleb
Nemelex Xobeh
Okawaru
Qazlal
Ru
Sif Muna
Trog
Uskayaw
Vehumet
Wu Jian
Xom
Yredelemnul
Zin
The Shining One

Shops:
D:1 (

Annotations:
D:8 1 runed translucent door, ANON1729's ghost, novice MiMo; Maurice


Innate Abilities, Weirdness & Mutations

You are immune to sickness and miasma.
Your stone body is resilient. (AC +7)
You are immune to poison.
You resist negative energy. (rN+)
You are resistant to electric shocks. (rElec)
You are resistant to unholy torment.
You are immune to petrification.


Message History

The wyvern is almost dead.
The wyvern closely misses you.
You hear a zap.
Something tries to affect you, but you resist.
The wyvern misses you. Something hits you. Something steals your ring of fire!
The wyvern bites you.
Casting: Sandblast (safe; 1% risk of failure)
Confirm with . or Enter, or press ? or * to list all spells.
Aiming: Sandblast (safe; 1% risk of failure)
Press: ? - help, Shift-Dir - straight line, f/p - wyvern
Aim: a wyvern (almost dead, 85% to hit)
The blast of sand hits the wyvern!
You kill the wyvern!
Vehumet accepts your kill.
You feel your power returning. Something completely misses you.
Casting: Sandblast (safe; 1% risk of failure)
Confirm with . or Enter, or press ? or * to list all spells.
You can't see any susceptible monsters within range! (Use Z to cast anyway.) Unknown command.
Casting: Sandblast (safe; 1% risk of failure)
Confirm with . or Enter, or press ? or * to list all spells.
Aiming: Sandblast (safe; 1% risk of failure)
Press: ? - help, Shift-Dir - straight line Something hits you.
Something steals your 2 throwing nets!
You hear some strange, mumbled words.
There is a strange disturbance nearby!
You hear a zap.
Your mind is blasted!
There is a stone staircase leading up here.
A throwing net appears from out of thin air!
The throwing net hits you.
You become entangled in the net!
You stop ascending the stairs.
You struggle against the net.
You hear a zap.
Your mind is blasted!
* * * LOW HITPOINT WARNING * * *
You struggle against the net.
You hear a zap.
Your mind is blasted!
You die...

#.)#.....#.###.#
#..).....{.# ..
#..###.#.### #.{
##.# #.#.# .#
#.# #.#.# # #.#
#.#.# #.###.#.#
......#.######
#......@.....#
#######........
#######.#


There were no monsters in sight!

Vanquished Creatures
  A two-headed ogre (D:5)
  A wyvern (D:8)
  Eustachio (D:4)
  A water moccasin (D:7)
  3 orc warriors
  A sky beast (D:6)
  2 black bears (D:5)
  2 ice beasts (D:6)
  An ogre (D:6)
  A centaur (D:8)
  A phantom (D:5)
  A kobold brigand (D:3)
  2 bullfrogs
  2 scorpions
  3 wights (D:6)
  5 killer bees (D:8)
  4 howler monkeys
  A vampire bat (D:3)
  6 orc priests
  4 gnoll boudas
  6 hounds
  2 sleepcaps (D:7)
  3 iguanas
  Natasha (thrice) (D:2)
  A hell rat (Sewer)
  9 orc wizards
  Robin (D:4)
  23 gnolls
  A river rat (Sewer)
  7 adders
  A white imp (D:6)
  2 worms (D:2)
  4 dart slugs
  3 fire bats (D:3)
  52 orcs
  2 spectral bats (D:3)
  12 ball pythons
  3 bat skeletons (D:3)
  A bat zombie (D:3)
  5 endoplasms
  6 giant cockroaches
  13 goblins
  6 hobgoblins
  10 jackals (D:3)
  7 kobolds
  12 quokkas
  13 bats
  A bat simulacrum (D:3)
  2 frilled lizards (D:1)
  9 rats
263 creatures vanquished.

Notes
Turn   | Place    | Note
-------+----------+-------------------------------------------
     0 | D:1      | Essalna the Gargoyle Earth Elementalist began the quest for
                  | the Orb.
     0 | D:1      | Reached XP level 1. HP: 10/10 MP: 3/3
   219 | D:1      | Reached skill level 1 in Transmutations
   251 | D:1      | Reached XP level 2. HP: 11/15 MP: 0/5
   372 | D:1      | Reached skill level 4 in Earth Magic
   513 | D:1      | Reached XP level 3. HP: 17/19 MP: 3/6
   659 | D:1      | Found Reur's Antique Weapon Shop.
   920 | D:2      | Noticed Natasha
   923 | D:2      | Killed Natasha
   924 | D:2      | Reached XP level 4. HP: 15/24 MP: 3/8
  1333 | D:2      | Noticed Natasha
  1339 | D:2      | Killed Natasha
  1515 | D:2      | Learned a level 3 spell: Stone Arrow
  1518 | D:2      | Learned a level 2 spell: Passwall
  1640 | D:2      | Noticed Natasha
  1645 | D:2      | Killed Natasha
  1646 | D:2      | Reached skill level 5 in Earth Magic
  1646 | D:2      | Reached XP level 5. HP: 28/28 MP: 5/9
  1759 | D:3      | Reached skill level 1 in Fighting
  1830 | D:3      | Reached skill level 1 in Conjurations
  2297 | D:3      | Reached XP level 6. HP: 35/35 MP: 5/10
  2627 | D:3      | Reached skill level 6 in Earth Magic
  2723 | D:3      | Reached XP level 7. HP: 41/41 MP: 7/11
  3590 | D:3      | Reached skill level 7 in Earth Magic
  3880 | D:4      | Found a staircase to the Ecumenical Temple.
  3891 | Temple   | Entered the Ecumenical Temple
  3904 | Temple   | Became a worshipper of Vehumet
  3976 | D:4      | Reached XP level 8. HP: 48/48 MP: 7/12
  4065 | D:4      | Noticed Eustachio
  4069 | D:4      | Noticed Robin
  4070 | D:4      | Killed Eustachio
  4168 | D:4      | Found a glowing drain.
  4176 | Sewer    | Entered a sewer
  4183 | Sewer    | Reached skill level 5 in Fighting
  4505 | D:4      | Reached * piety under Vehumet
  4505 | D:4      | Offered knowledge of Freeze by Vehumet.
  4514 | D:4      | Killed Robin
  4699 | D:4      | Reached skill level 5 in Conjurations
  4807 | D:5      | Entered Level 5 of the Dungeon
  4981 | D:5      | Noticed a two-headed ogre
  4988 | D:5      | Killed a two-headed ogre
  4989 | D:5      | Reached skill level 8 in Earth Magic
  4989 | D:5      | Reached XP level 9. HP: 27/56 MP: 8/13
  5330 | D:5      | Reached skill level 1 in Armour
  5460 | D:5      | Reached skill level 9 in Earth Magic
  6213 | D:6      | Found an opulent altar of Gozag.
  6384 | D:6      | Reached ** piety under Vehumet
  6385 | D:6      | Offered knowledge of Foxfire by Vehumet.
  7293 | D:7      | Reached XP level 10. HP: 60/63 MP: 12/14
  7769 | D:7      | Offered knowledge of Inner Flame by Vehumet.
  8189 | D:8      | Noticed ANON1729's ghost (novice MiMo)
  8205 | D:8      | Found a runed translucent door.
  8320 | D:8      | Reached skill level 10 in Earth Magic
  8321 | D:8      | Reached *** piety under Vehumet
  8544 | D:8      | Found a bloodstained altar of Trog.
  8550 | D:8      | Got a dog-eared book
  8591 | D:8      | Found a hazy altar of Hepliaklqana.
  8718 | D:8      | Noticed Maurice
  8720 | D:8      | Something stole a +1 dagger of speed
  8722 | D:8      | Something stole a ring of fire
  8724 | D:8      | Something stole 2 throwing nets
  8737 | D:8      | Blown up by Maurice

Illustrated notes

Levels and vault maps discovered:
D:1:      dpeg_arrival_round_b, layout_rooms, serial_shops,
          nicolae_shop_behind_doors, grunt_decor_fettered, patterned_corridor
D:2:      layout_loops_ring, uniq_natasha
D:3:      lemuel_castle_with_subvaults [lemuel_castle_interior_carwin_2],
          layout_rooms, goddamned_bats
D:4:      layout_rooms, minmay_temple_entry_statues_fountains,
          gup_sewer_entry_pipe, hangedman_abyss_or_decor_stabs, uniq_robin,
          uniq_eustachio
D:5:      layout_loops_corners, nicolae_eternal_life
D:6:      layout_basic, mainiacjoe_overflow_tiny_flanked, minivault_26,
          minmay_puff
D:7:      layout_loops_corners, minmay_fountain_box
D:8:      layout_loops_ring, worldfamousw_hep_ancestral_shrine, trog_book,
          hellmonk_ghost_big_iron, uniq_maurice
Temple:   hellmonk_temple_of_storms

Skill      XL: |  1  2  3  4  5  6  7  8  9 10 |
---------------+-------------------------------+-----
Transmutations | 1 2 |  2.0
Earth Magic    | 4 5 6 7 8 9 10 | 10.1
Spellcasting   | 3 |  3.0
Fighting       | 2 3 4 6 7 8 |  8.0
Conjurations   | 2 3 4 6 7 |  7.9
Armour         | 3 4 |  4.3
Dodging        | 3 |  3.7
Stealth        | |  2.1

Action                     |  1- 3 |  4- 6 |  7- 9 | 10-12 || total
---------------------------+-------+-------+-------+-------++-------
  Melee: Dagger            |    34 |       |       |       ||    34
         Unarmed           |     1 |       |       |       ||     1
         Punch             |     1 |       |       |       ||     1
         Staff             |       |     4 |    11 |     1 ||    16
   Cast: Sandblast         |    39 |    89 |   240 |    70 ||   438
         Stone Arrow       |       |       |     2 |       ||     2
  Evoke: Wand              |       |       |     3 |       ||     3
    Use: Scroll            |       |       |    11 |       ||    11
         Potion            |       |       |     1 |       ||     1
 Armour: Robe              |    26 |    28 |   132 |    50 ||   236
  Dodge: Dodged            |    18 |    24 |   105 |    46 ||   193

Table legend: (Time is in decaauts)
 A = Elapsed time spent in this place.
 B = Non-inter-level travel time spent in this place.
 C = Inter-level travel time spent in this place.
 D = Time resting spent in this place.
 E = Time spent auto-exploring this place.
 F = Levels seen in this place.
 G = Mean time per level.
                   A        B        C        D        E       F      G
               +--------+--------+--------+--------+--------+-----+--------+
         Total |   8970 |   8482 |    488 |     98 |   6865 |  10 |  897.0 |
       Dungeon |   8728 |   8264 |    464 |     98 |   6696 |   8 | 1091.0 |
        Temple |     26 |      2 |     24 |      0 |      0 |   1 |   26.0 |
         Sewer |    215 |    215 |      0 |      0 |    169 |   1 |  215.0 |
               +--------+--------+--------+--------+--------+-----+--------+

Top non-repeatable levels by time:
     D:3: 1947 daAuts
     D:5: 1237 daAuts
     D:2: 1212 daAuts
     D:6: 1127 daAuts
     D:7: 1024 daAuts
     D:1: 811 daAuts
     D:4: 733 daAuts
     D:8: 634 daAuts
   Sewer: 215 daAuts
  Temple: 26 daAuts
